← All builds
Geo / Armada / Economy first / OBSERVED BUILD

Standard geo

Eco-first Geo build that rushes geothermal power and T2 constructor before transitioning into Starlight-led T2 units for front, the role's baseline play.

Usually blows up the commander for T2 (67%)

#eco #t2 · 751 distinct matches · 110 players · 59% of Armada Geo games · team won 55% of 845 · Recently observed

HOW TO PLAY IT

Key timing: Geothermal Powerplant by 3:26

  1. Open mex and wind into Bot Lab.
  2. Rush geothermal for the early energy spike.
  3. Add Advanced Metal Extractor, then Advanced Geothermal by 7:07.
  4. Bring up Vehicle Plant alongside T2 con for "Starlight" and vehicles.
  5. Funnel "Starlight" and T1 vehicles to front, pay allies with cons and "Lazarus".

Phase by phase

TYPICAL OF ITS 751 GAMES
  1. 1
  2. 2
  3. 3
  4. 4
PLAY THE OPENING

Follow the example game's first 6:00 step by step: what to build now, what comes next, and where it goes. At 1× it keeps pace with your own game.

  1. 1

    Up to the Bot Lab

    Economy
    • Metal Extractor2Mex
    • Wind Turbine4Wind
    Order
    1. Bot LabBot Lab after 2 mex, 4 winddone ~1:11, middle half 0:58–1:22

    By 0:55 in all: 2 mex · 4 wind

    The example game in this phase · 3 steps
    1. Mex ×2
    2. Wind ×4
    3. Bot LabBot Labdone 0:59 · typical 1:11
  2. 2

    Bot Lab to 5:00

    Economy
    • Metal Extractor2Mex
    • Wind Turbine3Wind
    • Energy Converter8Converter
    • Energy Storage1Energy storage
    Order
    1. Geothermal PowerplantGeo after 4 mex, 5 wind, 1 energy storage
    Builders
    • Construction Turret5 Con turret
    • Lazarus4 Lazarus
    • Construction Bot2 Con bot
    • Construction Bot1 Con bot for allies
    • Lazarus1 Lazarus for allies

    By 5:00 in all: 4 mex · 7 wind · 1 geo · 8 converter · 1 energy storage · 5 con turret

    The example game in this phase · 33 steps
    1. Wind
    2. LazarusLazarus
    3. TickTickfor Air
    4. TickTick
    5. LazarusLazarus ×2
    6. LazarusLazarusfor Beach sea
    7. Construction BotCon botfor Beach sea
    8. Construction BotCon bot
    9. Energy storage
    10. Construction BotCon bot
    11. LazarusLazarus
    12. Mex
    13. Converter ×2
    14. Mex
    15. Geothermal PowerplantGeodone 3:19 · typical 3:26
    16. Con turret
    17. Converter
    18. Con turret ×2
    19. Converter
    20. Con turret ×3
    21. Wind
    22. Converter
    23. Con turret
    24. Wind ×2
    25. Converter
    26. Wind ×2
    27. Converter
    28. Wind
    29. Converter
    30. Wind ×6
    31. Converter
    32. Advanced Metal ExtractorT2 mexdone 5:07 · typical 5:33
    33. Wind
  3. 3

    5:00 to Vehicle Plant

    Order
    1. Advanced Geothermal PowerplantAdvanced Geothermal Powerplant after 8 wind, 10 converter, 6 con turretin 59% of games
    2. Vehicle PlantVehicle Plant after 10 wind, 10 converter, 6 con turretdone ~7:07, middle half 6:41–7:40
    Builders
    • Construction Turret1 Con turret

    Some games also: converter (49%) · wind (47%)

    By 6:59 in all: 4 mex · 10 wind · 1 geo · 1 Advanced Geothermal Powerplant · 10 converter · 1 energy storage

    The example game in this phase · 15 steps
    1. Advanced Metal ExtractorT2 mex
    2. Converter
    3. Wind ×6
    4. Advanced Metal ExtractorT2 mex
    5. Wind
    6. PrudePrudedone 7:06
    7. Converter
    8. Wind
    9. Advanced Metal ExtractorT2 mex
    10. Wind
    11. Converter
    12. Con turret
    13. Wind ×2
    14. Converter
    15. Vehicle PlantVehicle Plantdone 7:10 · typical 7:07
  4. 4

    Vehicle Plant to 10:00

    Economy
    • Wind Turbine5Wind
    • Energy Converter3Converter
    Order
    1. Advanced Vehicle PlantAdvanced Vehicle Plant after 11 wind, 11 converter, 7 con turret
    Builders
    • Construction Vehicle1 Con vehicle
    Army
    • Starlight2 Starlight
    • Umbra1 Jammer
    • Prophet1 Radar vehicle

    Some games also: con turret (50%) · T2 con vehicle for allies (49%) · Jaguar (31%)

    By 10:00 in all: 4 mex · 20 wind · 1 geo · 1 Advanced Geothermal Powerplant · 16 converter · 1 energy storage

    The example game in this phase · 88 steps
    1. Construction VehicleCon vehicle
    2. Converter
    3. Radar TowerRadar Tower
    4. Wind
    5. Advanced Vehicle PlantAdvanced Vehicle Plantdone 7:54 · typical 8:06
    6. Converter
    7. Wind
    8. Energy storage
    9. Wind ×2
    10. JaguarJaguar
    11. Wind ×2
    12. JaguarJaguar
    13. Wind
    14. JaguarJaguar
    15. Wind
    16. JaguarJaguar
    17. Wind ×2
    18. Advanced Construction VehicleT2 con vehiclefor Suicide front
    19. Wind
    20. Bot LabBot Labfor Suicide frontdone 8:33
    21. StarlightStarlightdone 9:03 · typical 9:02
    22. Wind ×2
    23. Construction BotCon bot ×2for Suicide front
    24. Wind ×2
    25. ProphetRadar vehicle
    26. Wind
    27. UmbraJammer
    28. StarlightStarlight ×2
    29. Con turret
    30. AmbassadorAmbassadordone 10:10
    31. Con turret
    32. AmbassadorAmbassador
    33. Converter ×2
    34. AmbassadorAmbassador
    35. Converter ×9
    36. StarlightStarlight
    37. JaguarJaguar
    38. Converter
    39. JaguarJaguar
    40. Advanced Construction VehicleT2 con vehicle
    41. Wind
    42. Converter
    43. Wind
    44. JaguarJaguar
    45. Converter
    46. JaguarJaguar
    47. Wind
    48. JaguarJaguar
    49. Wind ×2
    50. Converter
    51. JaguarJaguar
    52. Wind ×2
    53. JaguarJaguar
    54. CitadelAnti-nukedone 13:53
    55. Wind
    56. Converter
    57. ShredderShredderdone 13:13
    58. Wind
    59. StarlightStarlight
    60. Wind ×3
    61. Converter
    62. Wind
    63. ShredderShredder
    64. Wind ×2
    65. Radar TowerRadar Tower
    66. Wind
    67. Converter
    68. ShredderShredder
    69. Wind ×5
    70. Converter
    71. Wind
    72. TracerTracer
    73. StarlightStarlight
    74. Converter
    75. Wind ×7
    76. ProphetRadar vehicle
    77. Wind
    78. Converter
    79. Wind ×2
    80. UmbraJammer
    81. Wind
    82. StarlightStarlight
    83. Wind ×3
    84. Converter
    85. Wind
    86. StarlightStarlight
    87. Wind ×2
    88. Converter

Counts are medians over the build's games: half of them build more, half fewer. The example game is Erilium's (44 OS, 27/09/2026); pick another.

Team trades

IN AT LEAST 30% OF ITS GAMES

You hand over

  • Lazarus1 Lazarus to Beach seafirst at 2:16 · in 78% of games
  • Construction Bot1 Con bot to Beach seafirst at 2:30 · in 88% of games
  • Advanced Construction Vehicle1 T2 con vehicle to Suicide front or Frontfirst at 8:52 · in 62% of games

You get

  • Hercules1 Light transport from Airfirst at 4:19 · in 34% of games
  • Advanced Construction Bot1 T2 con bot from Techfirst at 4:48 · in 95% of games

How it plays out

Typical game of this build, running totals by minute

Metal produced

020k40k
0:005:0010:0015:00

metal

Enemy metal destroyed

05k10k15k
0:005:0010:0015:00

metal

Own metal lost

02.5k5k7.5k
0:005:0010:0015:00

metal

845 games.

Show as table
ByMetal produced: This buildEnemy metal destroyed: This buildOwn metal lost: This build
1:0033300
2:0082700
3:00153000
4:00270700
5:00373200
6:00572700
7:00816700
8:0011507021
9:001453351130
10:0017436630320
11:00204162108824
12:002336940291940
13:002613961873295
14:002902585104756
15:0031663103966186
WHAT THE NUMBERS SAY

Standard Geo build dominates the resource numbers, with zero own losses through 10:00 and a huge metal lead by 15:00.

  • + Metal produced hits 31426 by 15:00, highest of all six builds
  • + Own metal lost is 0 by 5:00 and only 334 by 10:00
  • − First Starlight only arrives in 57% of games by 9:19
  • − Advanced geothermal lands in just 69% of games by 7:16
THE EXAMPLE YOU ARE READING

Erilium

44.5 OS · 27/09/2026

Open source match ↗

1 received units · includes a constructor
1819 metal received · 50993 energy received

Allied construction assistance is unknown. Timings are observations, not a promise of solo reproducibility.

Typical milestones

Bot Lab1:11Middle 50%: 0:58–1:22 · n=844
Geothermal Powerplant3:26Middle 50%: 3:10–3:42 · n=843
Advanced Metal Extractor5:33Middle 50%: 5:17–5:56 · n=842
Advanced Geothermal Powerplant7:06Middle 50%: 6:49–7:33 · n=606
Vehicle Plant7:07Middle 50%: 6:41–7:40 · n=805
Advanced Vehicle Plant8:06Middle 50%: 7:40–8:47 · n=767
Starlight9:02Middle 50%: 8:32–9:51 · n=670

Played most by

0neTw086games of this buildzeus_on_god86games of this buildViltrum54games of this buildDamsko44games of this buildXad42games of this build